 Dungeon Crawl Stone Soup version 0.29.1-2-gbd0b4ee654 (webtiles) character file.

Game seed: 1593411418521143119

56 mortz the Digger (level 3, -2/23 (26) HPs)
             Began as a Gnoll Earth Elementalist on Oct 26, 2022.
             Was a Follower of Sif Muna.
             Slain by a necrophage (5 damage)
             ... on level 3 of the Dungeon.
             The game lasted 00:07:37 (1660 turns).

mortz the Digger (Gnoll Earth Elementalist)         Turns: 1660, Time: 00:07:37

HP:   -2/23 (26)    AC:  3    Str:  7    XL:     3   Next: 95%
MP:   9/9           EV: 12    Int: 16    God:    Sif Muna [*.....]
Gold: 89            SH:  0    Dex: 12    Spells: 9/12 levels left

rFire   . . .      SeeInvis .   b - +3 dagger
rCold   . . .      Faith    .   (no shield)
rNeg    + . .      Spirit   .   d - +0 leather armour
rPois   .          Reflect  .   (no helmet)
rElec   .          Harm     .   (no cloak)
rCorr   .          Rampage  .   (no gloves)
Will    .....                   (no boots)
Stlth   ++........              (no amulet)
HPRegen 0.07/turn               p - ring of positive energy
MPRegen 0.11/turn               (no ring)

@: heavily drained
A: fangs 1, strong nose, distributed training
a: Renounce Religion, Channel Magic


You were on level 3 of the Dungeon.
You worshipped Sif Muna.
Sif Muna was aware of your devotion.
You visited 1 branch of the dungeon, and saw 3 of its levels.

You collected 89 gold pieces.

Inventory:

Hand Weapons
 b - a +3 dagger (weapon)
 g - a +0 hand axe
 m - a +0 rapier of flaming
 n - a +2 dagger of flaming
 o - a +2 vorpal long sword
Armour
 d - a +0 leather armour (worn)
 k - a +0 robe
Magical Staves
 a - a staff of conjuration
Jewellery
 p - a ring of positive energy (left hand)
Scrolls
 e - 2 scrolls of teleportation
Potions
 c - 2 potions of lignification {unknown}
 f - 2 potions of heal wounds {unknown}
 h - a potion of berserk rage {unknown}
 i - a potion of magic
 j - 2 potions of attraction {unknown}
 l - a potion of cancellation {unknown}


   Skills:
 + Level 1.0 Fighting
 + Level 1.0 Short Blades
 + Level 1.0 Long Blades
 + Level 1.0 Axes
 + Level 1.0 Maces & Flails
 + Level 1.0 Polearms
 + Level 1.0 Staves
 + Level 1.0 Ranged Weapons
 + Level 1.0 Throwing
 + Level 1.0 Armour
 + Level 4.6 Dodging
 + Level 4.2 Stealth
 + Level 1.0 Shields
 + Level 1.0 Unarmed Combat
 + Level 5.0 Spellcasting
 + Level 0.7 Conjurations
 + Level 0.7 Hexes
 + Level 0.7 Summonings
 + Level 0.7 Necromancy
 + Level 0.7 Translocations
 + Level 2.2 Transmutations
 + Level 0.7 Fire Magic
 + Level 0.7 Ice Magic
 + Level 0.7 Air Magic
 + Level 5.4 Earth Magic
 + Level 0.7 Poison Magic
 + Level 1.1 Invocations
 + Level 1.0 Evocations


You had 9 spell levels left.
You knew the following spells:

 Your Spells              Type           Power      Damage    Failure   Level
a - Sandblast             Erth           42%        2d11      2%          1
p - Passwall              Tmut/Erth      13%        N/A       7%          2

Your spell library contained the following spells:

 Spells                   Type           Power      Damage    Failure   Level
 Stone Arrow              Conj/Erth      28%        3d8       19%         3
 Petrify                  Tmut/Erth      16%        N/A       41%         4


Dungeon Overview and Level Annotations

Branches:
Dungeon (3/15) Zot: 16320

Altars:
Sif Muna
Xom

Annotations:
D:3 1 runed translucent door, Godmorgon's ghost, amateur FoAK


Innate Abilities, Weirdness & Mutations

You have very sharp teeth.
Your uncanny sense of smell can sniff out nearby items.
Your experience applies equally to all skills.


Message History

An orc comes into view. It is wielding a +0 whip.
Found four items.
A hobgoblin comes into view.
Found 13 gold pieces.
The necrophage closely misses you.
You barely miss the necrophage.
You bite the necrophage, but do no damage.
The necrophage hits you.
You barely miss the necrophage. The necrophage hits you. You partially resist.
You feel drained.
You barely miss the necrophage. The necrophage hits you.
You hit the necrophage. The necrophage hits you. You partially resist.
You feel drained.
A hobgoblin comes into view.
The hobgoblin shouts!
You hit the necrophage.
You bite the necrophage, but do no damage.
The orc shouts!
The hobgoblin closely misses you. The necrophage closely misses you.
You hit the necrophage.
You bite the necrophage, but do no damage.
The necrophage hits you. You partially resist.
You feel drained. The hobgoblin barely misses you.
You hit the necrophage. The hobgoblin barely misses you.
The necrophage misses you.
You hit the necrophage. The necrophage barely misses you.
The hobgoblin barely misses you.
You closely miss the necrophage. The necrophage barely misses you.
A rat comes into view.
The hobgoblin misses you.
You hit the necrophage. The necrophage closely misses you.
The hobgoblin barely misses you.
You hit the necrophage but do no damage.
You punch the necrophage, but do no damage.
You hit the necrophage. The hobgoblin closely misses you.
The necrophage hits you but does no damage.
The hobgoblin hits you.
You completely miss the necrophage. The hobgoblin hits you.
* * * LOW HITPOINT WARNING * * *
The necrophage hits you.
You die...

..##...##...#.#
#..##.....##..#.#
###..#⌠.?♣!.⌠#..#.#
######....##.....##.....
..!.$..#...##...##....).
....... #...##⌠##...##..
.....?. #....###........
..>r..g##.#†......####..
.....on@..........# #..
......g##.#####.### #..
.......#..# #.# #..
.!.......## #.# ##.
..$.....# ..# #.
........ ### #. ######.#
#. #.


You could see a necrophage, an orc, 2 hobgoblins and a rat.

Vanquished Creatures
  2 adders (D:2)
  3 ball pythons
  7 bats
  3 endoplasms
  A giant cockroach (D:2)
  5 hobgoblins
  2 kobolds (D:2)
  A quokka (D:1)
  A frilled lizard (D:1)
  6 goblins
  5 rats
36 creatures vanquished.

Notes
Turn   | Place    | Note
-------+----------+-------------------------------------------
     0 | D:1      | mortz the Gnoll Earth Elementalist began the quest for the
                  | Orb.
     0 | D:1      | Reached XP level 1. HP: 13/13 MP: 6/6
   317 | D:1      | Found a faded altar of an unknown god.
   327 | D:1      | Reached XP level 2. HP: 19/19 MP: 5/7
   682 | D:1      | Learned a level 2 spell: Passwall
   825 | D:1      | Prayed at the altar of an unknown god.
   825 | D:1      | Became a worshipper of Sif Muna the Loreminder
   825 | D:1      | Reached * piety under Sif Muna
   850 | D:2      | Reached skill level 5 in Spellcasting
   850 | D:2      | Reached XP level 3. HP: 25/25 MP: 6/9
   971 | D:2      | Found a shimmering altar of Xom.
  1079 | D:2      | Reached skill level 1 in Invocations
  1227 | D:2      | Reached skill level 1 in Fighting
  1227 | D:2      | Reached skill level 1 in Short Blades
  1227 | D:2      | Reached skill level 1 in Long Blades
  1227 | D:2      | Reached skill level 1 in Axes
  1227 | D:2      | Reached skill level 1 in Maces & Flails
  1227 | D:2      | Reached skill level 1 in Polearms
  1227 | D:2      | Reached skill level 1 in Staves
  1227 | D:2      | Reached skill level 1 in Ranged Weapons
  1227 | D:2      | Reached skill level 1 in Throwing
  1227 | D:2      | Reached skill level 1 in Armour
  1227 | D:2      | Reached skill level 1 in Shields
  1227 | D:2      | Reached skill level 1 in Unarmed Combat
  1227 | D:2      | Reached skill level 1 in Evocations
  1472 | D:2      | Identified a scroll of acquirement
  1472 | D:2      | Acquired a staff of conjuration
  1609 | D:3      | Noticed Godmorgon's ghost (amateur FoAK)
  1611 | D:3      | Found a runed translucent door.
  1642 | D:3      | Noticed a necrophage
  1660 | D:3      | Slain by a necrophage

Illustrated notes

Levels and vault maps discovered:
D:1:      psy_arrival_conway, layout_loops_cross,
          shapermc_ecumenical_altar_mp_highgroup
D:2:      layout_loops_cross, basic_altar
D:3:      layout_rooms, hellmonk_ghost_happy_afterlife

Skill      XL: |  1  2  3 |
---------------+----------+-----
Transmutations | 2 |  2.2
Spellcasting   | 5 |  5.0
Invocations    | 1 |  1.1
Fighting       | 1 |  1.0
Short Blades   | 1 |  1.0
Long Blades    | 1 |  1.0
Axes           | 1 |  1.0
Maces & Flails | 1 |  1.0
Polearms       | 1 |  1.0
Staves         | 1 |  1.0
Ranged Weapons | 1 |  1.0
Throwing       | 1 |  1.0
Armour         | 1 |  1.0
Shields        | 1 |  1.0
Unarmed Combat | 1 |  1.0
Evocations     | 1 |  1.0
Dodging        | |  4.6
Stealth        | |  4.2
Conjurations   | |  0.7
Hexes          | |  0.7
Summonings     | |  0.7
Necromancy     | |  0.7
Translocations | |  0.7
Fire Magic     | |  0.7
Ice Magic      | |  0.7
Air Magic      | |  0.7
Earth Magic    | |  5.4
Poison Magic   | |  0.7

Action                   || total
-------------------------++-------
Melee: Dagger            ||    20
       Hand axe          ||     1
       Bite              ||     3
       Punch             ||     1
 Cast: Sandblast         ||    34
  Use: Scroll            ||     3
 Stab: Sleeping          ||     8
Armor: Leather armour    ||     5
Dodge: Dodged            ||    19
